 Dungeon Crawl Stone Soup version 0.24-a0-441-g27f0392e16 (webtiles) character file.

Game seed: 9057249496618883291

52187 KristoblXynda the Carver (level 14, -7/126 HPs)
             Began as a Pale Draconian Gladiator on June 19, 2019.
             Was an Initiate of Gozag.
             Killed from afar by a fire dragon (46 damage)
             ... with a blast of flame
             ... on level 6 of the Lair of Beasts.
             The game lasted 00:35:19 (19712 turns).

KristoblXynda the Carver (DrGl)                    Turns: 19712, Time: 00:35:19

Health: -7/126     AC: 14    Str: 18    XL:     14   Next: 26%
Magic:  22/22      EV: 19    Int: 21    God:    Gozag
Gold:   5765       SH: 14    Dex: 16    Spells: 16/24 levels left

rFire    . . .     SeeInvis +   F - +6 long sword
rCold    . . .     Gourm    .   o - +0 buckler
rNeg     . . .     Faith    .   (armour unavailable)
rPois    +         Spirit   .   b - +1 hat
rElec    +         Reflect  +   u - +0 cloak
rCorr    .         Harm     .   G - +2 pair of gloves "Tasit" {*Contam rElec Int+9 SInv}
MR       +....                  l - +0 pair of boots
Stlth    +.........             n - brooch of Shielding {Reflect SH+8}
HPRegen  0.31/turn              h - +3 ring of dexterity
MPRegen  0.18/turn              M - ring of poison resistance

@: short of breath
A: breathe steam, unfitting armour, cold-blooded, AC +8
a: Breathe Steam, Potion Petition, Call Merchant, Bribe Branch, Renounce
Religion


You were on level 6 of the Lair of Beasts.
You worshipped Gozag.
Gozag was greatly pleased with you.
You were not hungry.

You visited 3 branches of the dungeon, and saw 19 of its levels.

You collected 5783 gold pieces.
You paid 18 gold pieces to Gozag.

Inventory:

Hand Weapons
 C - a +0 scimitar
 F - a +6 long sword (weapon)
Missiles
 c - 4 throwing nets (quivered)
Armour
 b - a +1 hat (worn)
 l - a +0 pair of boots (worn)
 o - a +0 buckler (worn)
 u - a +0 cloak (worn)
 G - the +2 pair of gloves "Tasit" (worn) {*Contam rElec Int+9 SInv}
   (You acquired it on level 1 of the Lair of Beasts)

   It affects your intelligence (+9).
   It insulates you from electricity.
   It lets you see invisible.
   It causes magical contamination when unequipped.
Jewellery
 h - a +3 ring of dexterity (left hand)
 n - the brooch of Shielding (around neck) {Reflect SH+8}
   (You found it on level 5 of the Dungeon)

   [amulet of reflection]

   It shields you and reflects attacks.
   It affects your SH (+8).
 K - a +3 ring of dexterity
 M - a ring of poison resistance (right hand)
Wands
 a - a wand of acid (2)
 y - a wand of disintegration (1)
 B - a wand of scattershot (1)
 D - a wand of iceblast (5)
Scrolls
 e - 2 scrolls of enchant armour
 g - 4 scrolls of amnesia
 j - 10 scrolls of remove curse
 k - 2 scrolls of teleportation
 q - a scroll of fear
 r - a scroll of enchant weapon
 t - 2 scrolls of magic mapping
 E - 4 scrolls of identify
 N - a scroll of vulnerability
 O - a scroll of blinking
Potions
 d - 4 potions of brilliance
 f - 2 potions of resistance
 i - 2 potions of heal wounds
 m - 5 potions of magic
 s - a potion of invisibility
 v - 3 potions of haste
 w - a potion of agility
 x - 5 potions of lignification
 z - 2 potions of cancellation
 A - a potion of mutation
 H - a potion of ambrosia
 I - a potion of flight
 L - 4 potions of curing
Miscellaneous
 J - a sack of spiders
Comestibles
 p - 15 rations


   Skills:
 - Level 12.0 Fighting
 - Level 13.4 Long Blades
 - Level 2.0 Throwing
 + Level 9.9 Dodging
 - Level 6.0 Shields
 + Level 5.6 Spellcasting
 + Level 3.0 Charms
 + Level 9.0 Air Magic
 - Level 10.1 Evocations


You had 16 spell levels left.
You knew the following spells:

 Your Spells              Type           Power        Failure   Level  Hunger
a - Lightning Bolt        Conj/Air       ###.......   41%         5    #####..
b - Regeneration          Chrm/Necr      ##........   16%         3    ##.....

Your spell library contained the following spells:

 Spells                   Type           Power        Failure   Level  Hunger
 Shock                    Conj/Air       ###.         1%          1    None
 Swiftness                Chrm/Air       ####....     1%          2    None
 Airstrike                Air            #####.....   2%          4    ####...
 Infusion                 Chrm           ###.         3%          1    None
 Song of Slaying          Chrm           ###.....     4%          2    None
 Static Discharge         Conj/Air       ###.....     4%          3    ##.....
 Shroud of Golubria       Chrm/Tloc      ##....       9%          2    None
 Animate Skeleton         Necr           N/A          11%         1    None
 Apportation              Tloc           #.....       11%         1    None
 Confusing Touch          Hex            #.....       11%         1    None
 Summon Small Mammal      Summ           #...         11%         1    None
 Spectral Weapon          Hex/Chrm       ##......     16%         3    ##.....
 Iskenderun's Battlesphe  Conj/Chrm      ##......     83%         5    #####..
 Bolt of Magma            Conj/Fire/Erth #.........   96%         5    #####..
 Venom Bolt               Conj/Pois      #.........   96%         5    #####..
 Iron Shot                Conj/Erth      #.........   100%        6    #######
 Orb of Destruction       Conj           #.........   100%        7    #######
 Spellforged Servitor     Conj/Summ      #.........   100%        7    #######
 Ignition                 Fire           #.........   100%        8    #######
 Shatter                  Erth           #.........   100%        9    #######
 Tornado                  Air            #####.....   100%        9    #######


Dungeon Overview and Level Annotations

Branches:
Dungeon (12/15)            Temple (1/1) D:7            Lair (6/6) D:11
 Shoals (0/4) Lair:3        Snake (0/4) Lair:4        Slime (0/5) Lair:5
    Orc: D:9-12

Altars:
Ashenzari
Cheibriados
Dithmenos
Elyvilon
Fedhas
Gozag
Hepliaklqana
Kikubaaqudgha
Makhleb
Nemelex Xobeh
Okawaru
Qazlal
Ru
Sif Muna
Trog
Uskayaw
Vehumet
Wu Jian
Xom
Yredelemnul
Zin
The Shining One
Beogh
Jiyva

Annotations:
Lair:1 exclusion: 4 oklob plants
Lair:5 exclusion: 3 oklob plants


Innate Abilities, Weirdness & Mutations

You can breathe blasts of scalding, opaque steam.
Your pale cyan-grey scales are hard. (AC +8)
You cannot fit into any form of body armour.
You are cold-blooded and may be slowed by cold attacks.


Message History

The fire dragon is almost dead.
The fire dragon closely misses you. You block the fire dragon's attack. x2
You hit the fire dragon but do no damage.
You tail-slap the fire dragon, but do no damage.
The fire dragon is almost dead.
The fire dragon bites you!! The fire dragon misses you.
You block the fire dragon's attack.
You hit the fire dragon but do no damage.
Your tail-slap misses the fire dragon.
The fire dragon is almost dead.
Unknown command.
Press: ? - help, Shift-Dir - straight line, p - fire dragon You exhale a blast of scalding steam.
The ball of steam hits the fire dragon.
The fire dragon resists.
The fire dragon is almost dead.
You feel slightly more hungry. The fire dragon breathes flames at you.
The blast of flame hits you!!!
You die...
Your body crumbles into a pile of gold.

♣♣♣ ♣♣♣♣♣♣♣♣ ..♣
♣.≈≈≈≈..
♣♣♣.≈♣...≈≈≈≈≈.
♣♣..≈≈.≈.≈≈≈≈≈≈≈
♣♣..≈≈≈.≈≈≈≈.≈≈≈D
♣♣...≈≈≈≈≈≈≈≈≈≈..♣
♣..≈.l≈..≈≈...≈.♣.
♣@D§♣≈.$...$♣.♣♣♣♣
♣≈≈≈♣♣♣)()!.♣ ♣♣≈♣
♣≈≈≈≈♣♣$?.?$♣♣♣≈≈♣
♣♣.≈≈≈♣♣♣.♣♣♣P.≈≈.
♣...≈≈♣♣♣♣♣.≈≈...
♣♣♣.P≈.♣♣♣..≈....
♣♣..≈≈≈≈.≈♣.♣♣♣
♣..♣≈.≈.≈♣♣♣..
♣♣....P≈≈.♣♣..


You could see a fire dragon and a basilisk.

Vanquished Creatures
  Fannar (Lair:2)
  4 hydras
  2 two-headed ogres
  6 death yaks
  A fire crab (Lair:5)
  A swamp dragon (Lair:6)
  A manticore (Lair:3)
  A faun (Lair:2)
  An ugly thing (D:11)
  A cyclops (D:11)
  12 elephants
  4 black mambas
  A torpor snail (Lair:4)
  12 spiny frogs
  7 komodo dragons
  2 kobold demonologists (D:11)
  3 rime drakes (Lair:6)
  A troll (D:11)
  2 hornets (Lair:6)
  A polar bear (Lair:3)
  19 blink frogs
  11 hippogriffs
  3 redbacks (Lair:6)
  11 wyverns
  26 yaks
  A human (D:7)
  4 hogs (D:7)
  5 basilisks
  2 hungry ghosts
  A steam dragon (Lair:6)
  4 nagas (Lair:4)
  An acid dragon (Lair:6)
  6 porcupines
  2 ice beasts
  8 orc warriors
  17 water moccasins
  A swamp drake (Lair:6)
  3 black bears
  3 phantoms
  2 sky beasts
  An eye of draining (D:10)
  4 necrophages
  6 centaurs
  8 ogres
  37 wolves
  13 crocodiles
  4 big kobolds
  9 bullfrogs
  A wyvern zombie (D:8)
  2 scorpions
  19 killer bees
  9 wights
  7 jellies
  5 howler monkeys
  An electric eel (Lair:4)
  2 crimson imps
  A centaur zombie (D:8)
  12 orc priests
  3 bullfrog zombies
  8 hounds
  3 centaur skeletons
  4 bullfrog skeletons
  2 iguanas (Lair:6)
  15 orc wizards
  3 hell rats (D:11)
  8 worker ants
  2 hound zombies
  A mummy (D:6)
  A worker ant zombie (D:7)
  17 adders
  A shadow imp (D:11)
  An ooze (D:4)
  2 worms
  A dart slug (D:1)
  4 leopard geckos
  65 orcs
  A giant cockroach (D:1)
  7 hobgoblins
  12 jackals
  17 kobolds
  6 quokkas
  3 ball pythons
  10 bats
  9 frilled lizards
  8 goblins
  A jackal skeleton (D:5)
  2 leopard gecko skeletons
  5 rats
  A fungus (Lair:1)
  3 plants
561 creatures vanquished.

Vanquished Creatures (others)
  2 centaurs
  An orc wizard (D:9)
  An orc (D:11)
  A jackal (D:3)
  2 bushes (Lair:6)
  15 fungi
  50 plants
72 creatures vanquished.

Grand Total: 633 creatures vanquished

Notes
Turn   | Place    | Note
-------+----------+-------------------------------------------
     0 | D:1      | KristoblXynda the Draconian Gladiator began the quest for
                  | the Orb.
     0 | D:1      | Reached XP level 1. HP: 17/17 MP: 1/1
   143 | D:1      | Reached XP level 2. HP: 25/25 MP: 2/2
  1225 | D:2      | Reached XP level 3. HP: 30/30 MP: 3/3
  1376 | D:2      | Found an opulent altar of Gozag.
  1383 | D:2      | Became a worshipper of Gozag Ym Sagoz the Greedy
  1525 | D:2      | Found an ornate altar of the Wu Jian Council.
  1937 | D:2      | Found a basalt altar of Yredelemnul.
  2055 | D:3      | Reached XP level 4. HP: 31/38 MP: 4/4
  2069 | D:3      | Reached skill level 4 in Long Blades
  2103 | D:3      | Found an iron altar of Okawaru.
  2548 | D:3      | Found a shimmering altar of Xom.
  2674 | D:3      | Found a glowing silver altar of Zin.
  2836 | D:4      | Reached XP level 5. HP: 36/45 MP: 5/5
  3043 | D:4      | Noticed an ogre
  3091 | D:4      | Killed an ogre
  3091 | D:4      | Reached skill level 5 in Long Blades
  3117 | D:4      | Reached XP level 6. HP: 44/52 MP: 6/6
  3248 | D:4      | Found a stormy altar of Qazlal.
  3391 | D:5      | Entered Level 5 of the Dungeon
  3791 | D:5      | Reached skill level 6 in Long Blades
  3791 | D:5      | Your scales start taking on a pale cyan-grey colour.
  3791 | D:5      | Reached XP level 7. HP: 38/60 MP: 7/7
  3994 | D:5      | Found the brooch of Shielding {Reflect SH+8}
  4064 | D:5      | Reached skill level 5 in Fighting
  4374 | D:5      | Reached skill level 7 in Long Blades
  4827 | D:6      | Reached skill level 5 in Dodging
  4827 | D:6      | Reached XP level 8. HP: 69/69 MP: 8/8
  5074 | D:6      | Found a snail-covered altar of Cheibriados.
  5086 | D:6      | Reached skill level 8 in Long Blades
  5223 | D:6      | Found a radiant altar of Vehumet.
  5497 | D:6      | Found a sparkling altar of Nemelex Xobeh.
  5865 | D:7      | Reached XP level 9. HP: 78/78 MP: 9/9
  5882 | D:7      | Reached skill level 9 in Long Blades
  5922 | D:7      | Found a deep blue altar of Sif Muna.
  5946 | D:7      | Found a staircase to the Ecumenical Temple.
  5976 | Temple   | Entered the Ecumenical Temple
  6573 | D:7      | Reached skill level 1 in Evocations
  6877 | D:7      | Found a bloodstained altar of Trog.
  6899 | D:7      | Found a shadowy altar of Dithmenos.
  7253 | D:8      | Reached XP level 10. HP: 88/88 MP: 13/13
  7504 | D:8      | Reached skill level 10 in Long Blades
  7880 | D:9      | Found a hide-covered altar of Uskayaw.
  7925 | D:9      | Found a stormy altar of Qazlal.
  7934 | D:9      | Reached skill level 5 in Evocations
  7941 | D:9      | Reached skill level 1 in Shields
  8519 | D:9      | Learned a level 5 spell: Lightning Bolt
  9010 | D:10     | Entered Level 10 of the Dungeon
  9507 | D:10     | Noticed a two-headed ogre
  9519 | D:10     | Killed a two-headed ogre
  9519 | D:10     | Reached XP level 11. HP: 41/97 MP: 15/15
 10217 | D:11     | Noticed a white ugly thing
 10222 | D:11     | Noticed a sun demon
 10238 | D:11     | Killed a white ugly thing
 10260 | D:11     | Reached skill level 11 in Long Blades
 10489 | D:11     | Noticed a two-headed ogre
 10495 | D:11     | Killed a two-headed ogre
 10495 | D:11     | Reached skill level 10 in Fighting
 10531 | D:11     | Noticed a death yak
 10532 | D:11     | Noticed a death yak
 10533 | D:11     | Found a staircase to the Lair.
 10533 | D:11     | Noticed a death yak
 10550 | D:11     | Killed a death yak
 10557 | D:11     | Killed a death yak
 10557 | D:11     | Reached skill level 5 in Shields
 10562 | D:11     | Killed a death yak
 10574 | D:11     | Noticed a six-headed hydra
 10599 | D:11     | Killed a six-headed hydra
 10678 | D:11     | Found a roughly hewn altar of Beogh.
 11123 | D:12     | Noticed a skeletal warrior
 11123 | D:12     | Noticed a skeletal warrior
 11124 | D:12     | Noticed a skeletal warrior
 11124 | D:12     | Noticed a skeletal warrior
 11124 | D:12     | Noticed a green ugly thing
 11175 | Lair:1   | Entered Level 1 of the Lair of Beasts
 11338 | Lair:1   | Reached XP level 12. HP: 64/108 MP: 18/18
 11371 | Lair:1   | Reached skill level 1 in Air Magic
 11815 | Lair:1   | Identified a scroll of acquirement
 11820 | Lair:1   | Got a pair of steaming gloves
 11831 | Lair:1   | Identified the +2 pair of gloves "Tasit" {*Contam rElec
                  | Int+9 SInv} (You acquired it on level 1 of the Lair of
                  | Beasts)
 12274 | Lair:2   | Noticed a seven-headed hydra
 12287 | Lair:2   | Killed a seven-headed hydra
 12330 | Lair:2   | Reached skill level 12 in Long Blades
 12783 | Lair:2   | Noticed Fannar
 12797 | Lair:2   | Killed Fannar
 13710 | Lair:3   | Found a staircase to the Shoals.
 13731 | Lair:3   | Reached skill level 5 in Air Magic
 14515 | Lair:4   | Reached skill level 10 in Evocations
 14614 | Lair:4   | Reached XP level 13. HP: 95/118 MP: 20/20
 14729 | Lair:4   | Reached skill level 1 in Spellcasting
 15226 | Lair:4   | Learned a level 3 spell: Regeneration
 15277 | Lair:4   | Found a staircase to the Snake Pit.
 16059 | Lair:5   | Reached skill level 13 in Long Blades
 16618 | Lair:5   | Found a viscous altar of Jiyva.
 16718 | Lair:5   | Found a staircase to the Slime Pits.
 17094 | Lair:6   | Entered Level 6 of the Lair of Beasts
 17886 | Lair:6   | Reached skill level 1 in Charms
 18180 | Lair:6   | Reached XP level 14. HP: 112/126 MP: 21/21
 18219 | Lair:6   | Reached skill level 5 in Spellcasting
 19712 | Lair:6   | Killed from afar by a fire dragon

Levels and vault maps discovered:
D:1:      lightli_arrival_statuegarden, layout_basic, minmay_pentomino_q4
D:2:      layout_basic, lemuel_round_altar, grunt_gozag_statues,
          yredelemnul_altar_generic, st_stairs_10, hangedman_glass_garden
D:3:      layout_rooms, nicolae_overflow_crystal_walls, okawaru_trees_1,
          xom_teletrap_fun
D:4:      layout_rooms, marbit_many_paths, first_ration
D:5:      layout_gridville
D:6:      layout_basic, vehumet_crystals, nemelex_altar_shiori, slow_altar_1,
          lightli_orcish_oven
D:7:      layout_basic, tgw_sif, minitemple,
          minmay_temple_entry_drinking_statues, minmay_misc_feat_enclosed,
          grunt_livestock, hangedman_decor_riveting
D:8:      layout_basic, serial_undead, serial_undead_d, serial_undead_e,
          serial_undead_c, serial_undead_a
D:9:      lemuel_ice_spiral_2, layout_basic, overflow_temple_1_default,
          chequers_arboretum, nicolae_qazlal_style_of_elements
D:10:     layout_loops_corners
D:11:     layout_roguey [special_room_orc], dpeg_lair_monsters, chequers_garden
D:12:     layout_long_grid, orc_0_dummy, serial_shops,
          nicolae_shop_competitors_out_of_business, nicolae_ru_awakened_eye,
          uniq_snorg
Temple:   jpeg_temple_island
Lair:1:   dpeg_oklob_gauntlet, layout_loops_ring, infiniplex_staircase_pool_2
Lair:2:   layout_roguey, st_stairs_10, grunt_forest_large_clearings, uniq_fannar
Lair:3:   layout_regular_city, minmay_shoals_entry_beasts, grunt_megastairs_2
Lair:4:   layout_cave_shapes, guppyfry_snake_entry_island, grunt_megastairs_4,
          serial_bayou_shore_a
Lair:5:   layout_gridlike, slime_altar_1, grunt_megastairs_1,
          serial_bayou_shore_b, minmay_lair_oklob_chamber
Lair:6:   guppyfry_lair_end_dragon, layout_loops_ring,
          hangedman_lair_tendril_chambers

Skill      XL: |  1  2  3  4  5  6  7  8  9 10 11 12 13 14 |
---------------+-------------------------------------------+-----
Throwing       | 2 |  2.0
Dodging        | 3 4 5 6 7 8 9 |  9.9
Fighting       | 3 4 5 6 8 9 10 12 | 12.0
Long Blades    | 4 5 6 7 8 9 10 11 12 13 | 13.4
Evocations     | 4 6 8 10 | 10.1
Shields        | 3 6 |  6.0
Air Magic      | 5 8 9 |  9.0
Spellcasting   | 4 5 |  5.6
Charms         | 1 3 |  3.0

Action                   |  1- 3 |  4- 6 |  7- 9 | 10-12 | 13-15 || total
-------------------------+-------+-------+-------+-------+-------++-------
Melee: Long sword        |   132 |   130 |   152 |   788 |   620 ||  1822
       Tailslap          |    15 |    21 |    50 |   123 |   149 ||   358
       Scimitar          |       |       |   112 |     4 |       ||   116
Throw: Dart              |       |       |     2 |       |       ||     2
 Abil: Breathe Steam     |       |       |    15 |    27 |    34 ||    76
Evoke: Wand              |       |       |       |    16 |    13 ||    29
  Use: Scroll            |       |     9 |     7 |    11 |     3 ||    30
       Potion            |       |     2 |       |     2 |       ||     4
 Stab: Sleeping          |     1 |       |       |     3 |       ||     4
       Distracted        |       |       |     3 |     7 |     8 ||    18
  Eat: Chunk             |     1 |       |       |       |       ||     1
       Ration            |     1 |     2 |     4 |     8 |     6 ||    21
Armor: Skin              |    48 |    54 |    42 |   118 |   118 ||   380
Dodge: Dodged            |   124 |   120 |   147 |   361 |   249 ||  1001
Block: Other             |       |       |    85 |    28 |       ||   113
       Reflection        |       |       |     3 |    21 |     3 ||    27
       Buckler           |       |       |       |   419 |   349 ||   768
       Rpst.: Long sword |    34 |    34 |    33 |   110 |    59 ||   270
       Scimitar          |       |       |    31 |     2 |       ||    33

Table legend:
 A = Non-vault XP
 B = Vault XP
 C = Vault XP percentage of total XP
 D = Non-vault monster count
 E = Vault monster count
 F = Vault count percentage of total count
                 A         B        C        D         E       F
            +---------+---------+-------+---------+---------+-------
      Total |   52449 |   22105 |  29.6 |     419 |     141 |  25.2
            +---------+---------+-------+---------+---------+-------
        D:1 |      32 |       3 |   8.6 |      20 |       2 |   9.1
        D:2 |      53 |       6 |  10.2 |      17 |       4 |  19.0
        D:3 |      74 |       0 |   0.0 |      20 |       0 |   0.0
        D:4 |     341 |       0 |   0.0 |      11 |       0 |   0.0
        D:5 |     898 |       0 |   0.0 |      23 |       0 |   0.0
        D:6 |    1230 |     158 |  11.4 |      28 |       7 |  20.0
        D:7 |    1084 |    1005 |  48.1 |      24 |       6 |  20.0
        D:8 |    1321 |     532 |  28.7 |      32 |       8 |  20.0
        D:9 |    2358 |       0 |   0.0 |      40 |       0 |   0.0
       D:10 |    2633 |       0 |   0.0 |      24 |       0 |   0.0
       D:11 |    5028 |    3403 |  40.4 |      41 |      35 |  46.1
       D:12 |     195 |       0 |   0.0 |       1 |       0 |   0.0
     Lair:1 |    2957 |       0 |   0.0 |      15 |       0 |   0.0
     Lair:2 |    2949 |    5084 |  63.3 |      13 |      30 |  69.8
     Lair:3 |    2006 |    1482 |  42.5 |      12 |       5 |  29.4
     Lair:4 |    6966 |    1862 |  21.1 |      23 |       9 |  28.1
     Lair:5 |    5893 |     994 |  14.4 |      16 |       3 |  15.8
     Lair:6 |   16431 |    7576 |  31.6 |      59 |      32 |  35.2
            +---------+---------+-------+---------+---------+-------
